 Dungeon Crawl Stone Soup version 0.29.1-15-g9cfb28693d (webtiles) character file.

Game seed: 2218615004093575758

131 firemarshallily the Sneak (level 5, -2/28 HPs)
             Began as a Kobold Brigand on Mar 14, 2023.
             Was a Believer of Hepliaklqana.
             Slain by a gnoll
             ... wielding a +0 halberd
             ... led by a gnoll bouda
              (5 damage)
             ... on level 4 of the Dungeon.
             The game lasted 00:11:02 (3662 turns).

firemarshallily the Sneak (Kobold Brigand)          Turns: 3662, Time: 00:11:04

Health: -2/28      AC:  4    Str:  9    XL:     5   Next: 37%
Magic:  5/5        EV: 14    Int: 12    God:    Hepliaklqana [**....]
Gold:   159        SH:  0    Dex: 18    Spells: 4/4 levels left

rFire   + . .      SeeInvis .   l - +2 short sword (venom)
rCold   . . .      Faith    .   (no shield)
rNeg    . . .      Spirit   .   b - +0 robe
rPois   .          Reflect  .   (no helmet)
rElec   .          Harm     .   c - +0 cloak
rCorr   .          Rampage  .   s - +0 pair of gloves
Will    .....                   (no boots)
Stlth   +++++.....              u - amulet of magic regeneration
HPRegen 0.09/turn               (no ring)
MPRegen 0.49/turn               (no ring)

@: about to teleport, weakened
A: reduced essence, small, no large weapons, nightstalker 3, hooves 1, fire
resistance 1, wild magic 1
a: Renounce Religion, Recall Ancestor, Ancestor Identity


You were on level 4 of the Dungeon.
You worshipped Hepliaklqana.
Hepliaklqana was pleased with you.
You visited 1 branch of the dungeon, and saw 4 of its levels.

You collected 159 gold pieces.

Inventory:

Hand Weapons
 a - a +2 dagger
 l - a +2 short sword of venom (weapon)
Missiles
 d - 16 poisoned darts (quivered)
 e - 3 curare-tipped darts
Armour
 b - a +0 robe (worn)
 c - a +0 cloak (worn)
 s - a +0 pair of gloves (worn)
Jewellery
 k - a ring of ice
 r - the ring "Kasulynt" {Contam rElec rC+ rCorr Str+3 Int+4}
   (You found it on level 3 of the Dungeon)

   [ring of protection from cold]

   Str:       It affects your strength (+3).
   Int:       It affects your intelligence (+4).
   rC:        It protects you from cold.
   rElec:     It insulates you from electricity.
   Contam:    It causes magical contamination when unequipped.
   rCorr:     It protects you from acid and corrosion.
 u - an amulet of magic regeneration (around neck)
Wands
 h - a wand of flame (8)
Scrolls
 f - 2 scrolls of magic mapping
 g - 7 scrolls of identify
 i - a scroll of immolation
 j - 3 scrolls of teleportation
 m - a scroll of amnesia {unknown}
 n - a scroll of blinking {unknown}
 p - a scroll of poison {unknown}
 t - a scroll of butterflies {unknown}
 v - a scroll of torment {unknown}
 w - a scroll of enchant weapon {unknown}
 x - a scroll of enchant armour {unknown}
Potions
 o - a potion of invisibility {unknown}
 q - a potion of curing
 z - a potion of heal wounds {unknown}


   Skills:
 + Level 3.2 Fighting
 * Level 4.8 Short Blades
 - Level 2.1 Throwing
 - Level 1.2 Dodging
 * Level 6.8 Stealth


You had 4 spell levels left.
You didn't know any spells.
Your spell library contained the following spells:

 Spells                   Type           Power      Damage    Failure   Level
 Sting                    Tmut/Pois      0%         1d3       41%         1
 Poisonous Vapours        Pois/Air       0%         N/A       54%         2
 Olgreb's Toxic Radiance  Pois           0%         N/A       98%         4
 Passage of Golubria      Tloc           0%         N/A       98%         4
 Silence                  Hex/Air        0%         N/A       100%        5
 Lehudib's Crystal Spear  Conj/Erth      0%         10d2      100%        8


Dungeon Overview and Level Annotations

Branches:
Dungeon (4/15)
 Temple: D:4-7

Altars:
Hepliaklqana
Sif Muna


Innate Abilities, Weirdness & Mutations

Your life essence is reduced to manifest your ancestor. (-10% HP)
You are small and have problems with some larger weapons.
You are completely attuned to the shadows.
You have large cloven feet.
Your flesh is heat resistant. (rF+)
Your spells are a little harder to cast, but a little more powerful.


Message History

The gnoll hits you from afar with a +0 spear.
As you read the scroll labelled TAFUT YCSIFUOP, it crumbles to dust.
It is a scroll of identify.
j - 4 scrolls of teleportation Maria blocks something's attack.
A gnoll comes into view. It is wielding a +0 club.
Maria hits the gnoll with a +0 flail!
The gnoll dies!
The gnoll barely misses you.
The gnoll hits Maria but does no damage.
The gnoll hits Maria with a +0 spear.
As you read the scroll of teleportation, it crumbles to dust.
You feel strangely unstable.
Something hits Maria but does no damage.
The gnoll misses you. The gnoll barely misses you.
As you read the scroll labelled IPRUXT BECOE, it crumbles to dust.
You feel aware of your surroundings.
You sensed 4 altars.
It was a scroll of magic mapping.
The gnoll bouda gazes fiercely through you!
You feel your attacks grow feeble.
A gnoll comes into view. It is wielding a +0 halberd.
A gnoll comes into view. It is wielding a +0 flail.
Maria closely misses the gnoll.
The gnoll hits you with a +0 club. The gnoll barely misses you.
The gnoll barely misses Maria.
The gnoll hits you from afar with a +0 spear.
* * * LOW HITPOINT WARNING * * *
You feel better.
The gnoll hits you from afar with a +0 spear!
* * * LOW HITPOINT WARNING * * *
Maria barely misses the gnoll.
The gnoll completely misses you. The gnoll barely misses you.
Maria blocks the gnoll's attack. x2
The gnoll closely misses you.
Unknown command.
As you read the scroll labelled UMNEHE AKKEHUW, it crumbles to dust.
The creatures around you are filled with an inner flame!
It was a scroll of immolation.
The gnoll hits you from afar with a +0 spear.
* * * LOW HITPOINT WARNING * * *
The gnoll hits you from afar with a +0 halberd.
You die...

* * * ****** * *,,,,* *
*,,,,* * *,,,,* ########## *
*,,,,* #..).....# *
*,,>,*####.g......# *
*,,,,,.....gg@....#
***,,,....gRgg....#
*,,,....gg......#
*,,,............#
*,,,............# *
*,,,............#
******,,,,,,,,,,.....#######
,,,,,,,,,,,,,,,,...........#
,,****,,,,,,,,,,.....####..#


You could see the friendly Maria the knight (inner flame), a gnoll bouda (inner
flame) and 7 gnolls.

Vanquished Creatures
  A hound (D:4)
  A gnoll (D:4)
  An adder (D:2)
  A worm (D:3)
  A dart slug (D:2)
  An orc (D:3)
  5 bats
  5 endoplasms
  A giant cockroach (D:1)
  5 goblins
  4 hobgoblins
  4 jackals (D:1)
  10 kobolds
  A quokka (D:1)
  4 ball pythons
  2 frilled lizards
  2 rats (D:1)
49 creatures vanquished.

Vanquished Creatures (collateral kills)
  A gnoll (D:4)
  An adder (D:3)
  A giant cockroach (D:3)
  A kobold (D:3)
  A quokka (D:3)
5 creatures vanquished.

Grand Total: 54 creatures vanquished

Notes
Turn   | Place    | Note
-------+----------+-------------------------------------------
     0 | D:1      | firemarshallily the Kobold Brigand began the quest for the
                  | Orb.
     0 | D:1      | Reached XP level 1. HP: 12/12 MP: 1/1
   162 | D:1      | Reached XP level 2. HP: 18/18 MP: 2/2
   280 | D:1      | Reached XP level 3. HP: 14/22 MP: 3/3
   828 | D:2      | Reached skill level 6 in Stealth
  1133 | D:2      | Found a shimmering blue altar of Sif Muna.
  1255 | D:2      | Gained mutation: Your spells are a little harder to cast,
                  | but a little more powerful. [potion of mutation]
  1255 | D:2      | Gained mutation: You have large cloven feet. [potion of
                  | mutation]
  1255 | D:2      | Gained mutation: Your flesh is heat resistant. (rF+)
                  | [potion of mutation]
  1848 | D:2      | Found a faded altar of an unknown god.
  1851 | D:2      | Prayed at the altar of an unknown god.
  1851 | D:2      | Became a worshipper of Hepliaklqana the Forgotten
  1851 | D:2      | Reached * piety under Hepliaklqana
  1949 | D:2      | Reached XP level 4. HP: 24/24 MP: 4/4
  1949 | D:2      | You fall into a shaft and drop 2 floors!
  2148 | D:4      | Noticed a black bear
  2644 | D:3      | Identified the ring "Kasulynt" {Contam rElec rC+ rCorr
                  | Str+3 Int+4}
  2913 | D:3      | Reached ** piety under Hepliaklqana
  2914 | D:3      | Remembered your ancestor Maria as a knight
  2966 | D:3      | Reached XP level 5. HP: 28/28 MP: 5/5
  3662 | D:4      | Slain by a gnoll

Illustrated notes

Levels and vault maps discovered:
D:1:      reono_arrival_forest_river, layout_basic
D:2:      layout_basic, chequers_ecumenical_altar_grove, basic_altar,
          minivault_11, wander_ebering_terrifying_dragon_lair
D:3:      layout_loops_corners
D:4:      layout_basic, nicolae_hepliaklqana_hippocampus, chei_slow_surprise,
          gammafunk_temple_overflow_pools, minivault_1, grunt_ministairs_5,
          serial_bayou_crossing, uniq_blork_the_orc

Skill      XL: |  1  2  3  4 |
---------------+-------------+-----
Short Blades   | 3 4 |  4.8
Stealth        | 6 |  6.8
Fighting       | 3 |  3.2
Throwing       | |  2.1
Dodging        | |  1.2

Action                   |  1- 3 |  4- 6 || total
-------------------------+-------+-------++-------
Melee: Dagger            |    67 |       ||    67
       Short sword       |       |    37 ||    37
       Kick              |       |    13 ||    13
Throw: Dart              |     1 |       ||     1
Invok: Ancestor Identity |     1 |       ||     1
       Recall Ancestor   |       |     1 ||     1
       Ancestor Life: Kn |       |     1 ||     1
  Use: Potion            |     2 |     1 ||     3
       Scroll            |       |     4 ||     4
 Stab: Sleeping          |    17 |    10 ||    27
Armor: Robe              |    14 |     1 ||    15
Dodge: Dodged            |    52 |    28 ||    80
